 Dungeon Crawl Stone Soup version 0.27.1-1-g398f81649c (webtiles) character file.

Game seed: 16555980541543608849

81 wingedge the Skirmisher (level 4, -5/41 HPs)
             Began as a Hill Orc Fighter on Sept 12, 2021.
             Slain by a phantom (7 damage)
             ... on level 3 of the Dungeon.
             The game lasted 00:05:54 (2227 turns).

wingedge the Skirmisher (Hill Orc Fighter)          Turns: 2227, Time: 00:05:54

Health: -5/41      AC: 11    Str: 19    XL:     4   Next: 42%
Magic:  4/4        EV:  5    Int:  8    God:
Gold:   119        SH:  0    Dex: 10    Spells: 3/3 levels left

rFire    . . .     SeeInvis .   q - +0 battleaxe
rCold    . . .     Faith    .   (shield currently unavailable)
rNeg     . . .     Spirit   .   e - +0 plate armour
rPois    .         Reflect  .   (no helmet)
rElec    .         Harm     .   (no cloak)
rCorr    .         Rampage  .   (no gloves)
Will     .....                  (no boots)
Stlth    ..........             (no amulet)
HPRegen  0.13/turn              (no ring)
MPRegen  0.09/turn              (no ring)

@: mighty
A: no striking features
a: no special abilities


You were on level 3 of the Dungeon.
You visited 1 branch of the dungeon, and saw 3 of its levels.

You collected 119 gold pieces.

Inventory:

Hand Weapons
 a - a +0 war axe
 q - a +0 battleaxe (weapon)
 r - a +0 shortbow
Missiles
 f - 2 javelins (quivered)
 h - 20 arrows
 m - 6 bolts
 n - 5 silver javelins
 o - 8 poisoned darts
Armour
 b - a +0 scale mail
 c - a +0 kite shield
 e - a +0 plate armour (worn)
Scrolls
 i - a scroll of fog {unknown}
 j - 2 scrolls of vulnerability {unknown}
 k - a scroll of enchant armour {unknown}
 l - a scroll of enchant weapon {unknown}
 v - a scroll of identify {unknown}
Potions
 g - a potion of flight {unknown}
 p - a potion of attraction {unknown}
 s - a potion of brilliance {unknown}
 t - a potion of degeneration {unknown}
 u - a potion of lignification {unknown}


   Skills:
 * Level 4.4 Fighting
 * Level 4.0 Axes
 + Level 0.1 Bows
 * Level 4.1 Armour
 - Level 3.6 Shields


You had 3 spell levels left.
You didn't know any spells.
Your spell library contained the following spells:

 Spells                   Type           Power      Damage    Failure   Level
 Magic Dart               Conj           0%         1d3       100%        1
 Summon Small Mammal      Summ           0%         N/A       100%        1
 Call Imp                 Summ           0%         N/A       100%        2
 Call Canine Familiar     Summ           0%         N/A       100%        3
 Mephitic Cloud           Conj/Pois/Air  0%         N/A       100%        3
 Portal Projectile        Hex/Tloc       0%         N/A       100%        3
 Summon Guardian Golem    Hex/Summ       0%         N/A       100%        3
 Leda's Liquefaction      Hex/Erth       0%         N/A       100%        4


Dungeon Overview and Level Annotations

Branches:
Dungeon (3/15)

Altars:


Message History

The phantom hits you.
You closely miss the phantom. The phantom hits you!
The phantom blinks!
You blink.
The phantom hits you.
The phantom blinks!
You blink.
The phantom hits you but does no damage.
You barely miss the phantom.
The phantom hits you but does no damage.
Your plate armour prevents you from hitting the phantom.
The phantom hits you but does no damage. x2
Your plate armour prevents you from hitting the phantom.
The phantom hits you but does no damage.
You closely miss the phantom. The phantom completely misses you.
The phantom hits you.
You hit the phantom but do no damage. The phantom barely misses you.
You hit the phantom but do no damage. The phantom hits you. x2
You slash the phantom!
The phantom is moderately damaged.
The phantom hits you.
The phantom blinks!
You blink.
You closely miss the phantom.
The phantom is moderately damaged.
The phantom hits you.
* * * LOW HITPOINT WARNING * * *
The phantom hits you.
* * * LOW HITPOINT WARNING * * *
The phantom blinks!
You blink.
You closely miss the phantom.
The phantom is moderately damaged.
The phantom hits you but does no damage.
Your plate armour prevents you from hitting the phantom.
The phantom is moderately damaged.
The phantom hits you but does no damage. x2
You closely miss the phantom.
The phantom is moderately damaged.
The phantom hits you but does no damage.
You feel very mighty all of a sudden. The phantom hits you!
* * * LOW HITPOINT WARNING * * *
You slash the phantom!
The phantom is almost destroyed.
The phantom hits you!
You die...

#..........# ###.###..###
###..# #>...# #.##.# ####
#.#..# #.. # ####.####.##
.#
######)...###W..######..#
#..†..÷...#...@.........#
#....#######....##.###.##
#)####....##.#####.# #
#.........##.# #.#
#....####.##.#####.#
######....#......#.#
#.........##.###.#.#
#....#######.###.#.#
#.####.........>....


You could see a phantom.

Vanquished Creatures
  3 adders (D:2)
  A worm (D:2)
  A dart slug (D:1)
  4 endoplasms
  2 giant cockroaches (D:2)
  8 hobgoblins
  3 jackals (D:2)
  5 kobolds
  3 quokkas
  6 ball pythons
  2 bats (D:3)
  3 goblins
  4 rats
45 creatures vanquished.

Notes
Turn   | Place    | Note
-------+----------+-------------------------------------------
     0 | D:1      | wingedge the Hill Orc Fighter began the quest for the Orb.
     0 | D:1      | Reached XP level 1. HP: 19/19 MP: 1/1
   354 | D:1      | Found a faded altar of an unknown god.
   383 | D:1      | Reached XP level 2. HP: 19/27 MP: 2/2
   909 | D:2      | Reached XP level 3. HP: 33/33 MP: 3/3
   946 | D:2      | Found Ikewkit's Antique Weapon Shoppe.
  1318 | D:2      | Reached XP level 4. HP: 41/41 MP: 4/4
  2209 | D:3      | Noticed a phantom
  2226 | D:3      | HP: 2/41 [phantom (7)]
  2227 | D:3      | Slain by a phantom

Illustrated notes

Levels and vault maps discovered:
D:1:      giann_forest_graveyard, layout_basic,
          shapermc_ecumenical_altar_starsandcircs
D:2:      minmay_inner_zag, layout_rooms, serial_shops, shop
D:3:      minmay_angry_zag, layout_loops_ring, feat_on_display

Skill      XL: |  1  2  3  4 |
---------------+-------------+-----
Axes           | 3 4 |  4.0
Fighting       | 4 |  4.4
Armour         | 4 |  4.1
Bows           | |  0.1
Shields        | |  3.6

Action                   |  1- 3 |  4- 6 || total
-------------------------+-------+-------++-------
Melee: War axe           |    73 |    12 ||    85
       Battleaxe         |       |    53 ||    53
  Use: Potion            |       |     1 ||     1
Armor: Plate armour      |    50 |    69 ||   119
Dodge: Dodged            |     8 |    17 ||    25
Block: Kite shield       |    48 |     6 ||    54
